 Dungeon Sprint DCSS version 0.30.1-11-g7821555f0a (webtiles) character file.

Game seed: 7848038873583458771

1383 Groucho the Thaumaturge (level 8, -8/46 HPs)
             Began as a Deep Elf Earth Elementalist on Jan 1, 2024.
             Was a High Priest of Sif Muna.
             Mangled by Crazy Yiuf
             ... wielding a +3 quarterstaff of chaos
              (9 damage)
             ... in the Dungeon (Sprint VII: "The Pits").
             The game lasted 00:07:18 (2226 turns).

Groucho the Thaumaturge (DEEE)                      Turns: 2226, Time: 00:07:18

Health: -8/46      AC:  7    Str:  5    XL:     8   Next: 40%
Magic:  7/26       EV: 14    Int: 32    God:    Sif Muna [*****.]
Gold:   0          SH:  0    Dex: 15    Spells: 24/32 levels left

rFire   . . .        q - +2 rapier "Ehippyg" {protect, Contam +Blink rElec Int+6}
rCold   . . .        (no shield)
rNeg    . . .        a - +0 robe
rPois   .            j - +0 helmet
rElec   +            (no cloak)
rCorr   .            p - +0 pair of gloves
SInv    .            (no boots)
Will    .....        (no amulet)
Stlth   +++          k - +3 ring of protection
HPRegen 0.27/turn    l - +3 ring of intelligence
MPRegen 0.20/turn

%: no teleportation
@: lethally poisoned (-8 -> -24), hasted and slowed, invisible
A: no striking features
a: Renounce Religion, Evoke Blink, Channel Magic, Forget Spell, Divine Exegesis


You were in the Dungeon.
You worshipped Sif Muna.
Sif Muna was extremely pleased with you.
You visited 1 branch

Inventory:

Hand Weapons
 h - a +2 dagger
 q - the +2 rapier "Ehippyg" (weapon) {protect, Contam +Blink rElec Int+6}
   (You found it in the Dungeon)

   Int:       It affects your intelligence (+6).
   rElec:     It insulates you from electricity.
   +Blink:    It lets you blink.
   Contam:    It causes magical contamination when unequipped.
Armour
 a - a +0 robe (worn)
 j - a +0 helmet (worn)
 o - a +5 ring mail
 p - a +0 pair of gloves (worn)
Jewellery
 k - a +3 ring of protection (left hand)
 l - a +3 ring of intelligence (right hand)
Scrolls
 g - a scroll of blinking
Potions
 b - 4 potions of magic
 c - 3 potions of curing
 e - 3 potions of haste
 f - 3 potions of berserk rage
 i - a potion of invisibility
 m - a potion of brilliance
 n - 2 potions of mutation


   Skills:
 + Level 3.2 Fighting
 + Level 3.9 Short Blades
 - Level 5.0 Dodging
 + Level 5.9 Stealth
 + Level 12.6 Spellcasting
 + Level 7.3 Conjurations
 + Level 8.6 Transmutations
 + Level 11.0 Earth Magic


You had 24 spell levels left.
You knew the following spells:

 Your Spells              Type           Power      Damage    Failure   Level
a - Sandblast             Erth           100%       2d20      1%          1
b - Stone Arrow           Conj/Erth      100%       3d13      1%          3
c - Petrify               Tmut/Erth      70%        N/A       1%          4

Your spell library contained the following spells:

 Spells                   Type           Power      Damage    Failure   Level
 Magic Dart               Conj           100%       1d8       1%          1
 Passwall                 Tmut/Erth      58%        N/A       1%          2
 Searing Ray              Conj           100%       2d8       1%          2
 Ice Form                 Ice/Tmut       47%        N/A       4%          4
 Fulminant Prism          Conj/Hex       21%        3d12      5%          4
 Frozen Ramparts          Ice            40%        1d7       7%          3
 Summon Ice Beast         Ice/Summ       20%        N/A       24%         4


Dungeon Overview and Level Annotations

Branches:
Dungeon (1/1)

Altars:
Ashenzari
Cheibriados
Dithmenos
Elyvilon
Fedhas
Gozag
Hepliaklqana
Kikubaaqudgha
Makhleb
Nemelex Xobeh
Okawaru
Qazlal
Ru
Sif Muna
Trog
Uskayaw
Vehumet
Wu Jian
Xom
Yredelemnul
Zin
The Shining One
Jiyva
Lugonu

Annotations:
D Crazy Yiuf, Sonja


Message History

You hear a screech!
Unknown command.
Unknown command.
You feel much better.
Sonja throws a curare-tipped dart.
The curare-tipped dart closely misses you.
The gnoll hits you with a +0 club. Crazy Yiuf misses you.
Sonja throws a curare-tipped dart.
The curare-tipped dart hits you.
You are poisoned.
You have difficulty breathing.
You feel as though you will be slow longer.
Crazy Yiuf hits you with a +3 quarterstaff of chaos.
You resist with almost no effort. The gnoll completely misses you.
You feel yourself speed up.
You feel extremely sick.
Sonja gestures wildly while chanting.
Sonja blinks!
The gnoll hits you with a +0 club.
* * * LOW HITPOINT WARNING * * *
Crazy Yiuf hits you with a +3 quarterstaff of chaos!
* * * LOW HITPOINT WARNING * * *
You feel your power leaking away.
Sonja gestures wildly while chanting.
Sonja blinks!
Unknown command.
You fade into invisibility!
* * * LOW HITPOINT WARNING * * *
You feel very sick.
Sonja throws a curare-tipped dart.
The curare-tipped dart barely misses you.
The gnoll misses you. Crazy Yiuf barely misses you.
Unknown command.
You feel better.
Sonja throws a curare-tipped dart.
The curare-tipped dart hits you.
You are lethally poisoned!
You have difficulty breathing.
* * * LOW HITPOINT WARNING * * *
You feel as though you will be slow longer.
The gnoll misses you.
Crazy Yiuf waves his quarterstaff at you.
Crazy Yiuf hits you with a +3 quarterstaff of chaos!
You die...

______.# ______.#
____..)###########++######
######'##................#
.')))'.##......#..#......#
######.##................+
........'....)).)........+
###'#####K...ยง.#g.#......#
....#..##.......@gg......#
....#))#####'#####''#####
#'###))##.......##''#####
....#))##.......##g)....+ +
....#[.##.......##......+ .+
##'##'###...<...##.....##..#
.......##.......##...###....
.......##.......##..##......
#########.......##'g#...#..#


You could see Sonja (unable to see you), a gnoll bouda (unable to see you),
Crazy Yiuf (swift, unable to see you) and a gnoll (swift, unable to see you).

Vanquished Creatures
  A manticore (D)
  A spriggan (D)
  A wraith (D)
  An orc warrior (D)
  An ice beast (D)
  A phantom (D)
  A gnoll sergeant (D)
  2 scorpions (D)
  A small abomination (D)
  A killer bee (D)
  An iron imp (D)
  2 orc wizards (D)
  A mummy (D)
  An adder (D)
  5 gnolls (D)
  3 white imps (D)
  3 orcs (D)
  A bat (D)
  2 endoplasms (D)
  A giant cockroach (D)
  A hobgoblin (D)
  3 jackals (D)
  A quokka (D)
36 creatures vanquished.

Notes
Turn   | Place    | Note
-------+----------+-------------------------------------------
     0 | D        | Groucho the Deep Elf Earth Elementalist began the quest for
                  | the Orb.
     0 | D        | Reached XP level 1. HP: 10/10 MP: 6/6
    31 | D        | Found a glowing golden altar of the Shining One.
    31 | D        | Found a glowing silver altar of Zin.
    31 | D        | Found a basalt altar of Yredelemnul.
    31 | D        | Found a shimmering altar of Xom.
    31 | D        | Found an ornate altar of the Wu Jian Council.
    31 | D        | Found a bloodstained altar of Trog.
    31 | D        | Found a shimmering blue altar of Sif Muna.
    31 | D        | Found a sacrificial altar of Ru.
    31 | D        | Found a stormy altar of Qazlal.
    31 | D        | Found an iron altar of Okawaru.
    31 | D        | Found a sparkling altar of Nemelex Xobeh.
    31 | D        | Found a burning altar of Makhleb.
    31 | D        | Found a viscous altar of Jiyva.
    31 | D        | Found a hazy altar of Hepliaklqana.
    31 | D        | Found an opulent altar of Gozag.
    31 | D        | Found a blossoming altar of Fedhas.
    31 | D        | Found a white marble altar of Elyvilon.
    31 | D        | Found a shadowy altar of Dithmenos.
    31 | D        | Found a snail-covered altar of Cheibriados.
    32 | D        | Found a radiant altar of Vehumet.
    32 | D        | Found a corrupted altar of Lugonu.
    33 | D        | Found an ancient bone altar of Kikubaaqudgha.
    33 | D        | Found a hide-covered altar of Uskayaw.
    33 | D        | Found a broken altar of Ashenzari.
    34 | D        | Became a worshipper of Sif Muna the Loreminder
    43 | D        | Reached skill level 4 in Spellcasting
    45 | D        | Reached skill level 5 in Spellcasting
    45 | D        | Reached XP level 2. HP: 15/15 MP: 5/10
    47 | D        | Reached * piety under Sif Muna
    49 | D        | Reached skill level 5 in Earth Magic
   211 | D        | Reached ** piety under Sif Muna
   233 | D        | Noticed a scorpion
   234 | D        | Noticed a scorpion
   239 | D        | Killed a scorpion
   240 | D        | Reached skill level 7 in Spellcasting
   240 | D        | Reached XP level 3. HP: 19/19 MP: 8/14
   240 | D        | Reached XP level 4. HP: 24/24 MP: 8/15
   567 | D        | Learned a level 3 spell: Stone Arrow
   571 | D        | Killed a scorpion
   572 | D        | Reached skill level 9 in Spellcasting
   881 | D        | Reached XP level 5. HP: 22/28 MP: 15/18
   928 | D        | Reached *** piety under Sif Muna
   929 | D        | Noticed an ice beast
   948 | D        | Killed an ice beast
   949 | D        | Reached skill level 10 in Spellcasting
   949 | D        | Reached skill level 5 in Transmutations
   976 | D        | Reached XP level 6. HP: 32/32 MP: 1/21
   999 | D        | Reached **** piety under Sif Muna
  1260 | D        | Reached skill level 11 in Spellcasting
  1305 | D        | Reached ***** piety under Sif Muna
  1514 | D        | Reached skill level 5 in Conjurations
  1566 | D        | Received a gift from Sif Muna
  1770 | D        | Learned a level 4 spell: Petrify
  1771 | D        | Noticed an orc warrior
  1772 | D        | Noticed a manticore
  1773 | D        | Reached skill level 10 in Earth Magic
  1775 | D        | Reached skill level 1 in Fighting
  1775 | D        | Reached skill level 1 in Short Blades
  1775 | D        | Reached XP level 7. HP: 38/38 MP: 14/24
  1785 | D        | Received a gift from Sif Muna
  1790 | D        | Killed a manticore
  1791 | D        | Reached skill level 5 in Stealth
  1791 | D        | Reached skill level 12 in Spellcasting
  1791 | D        | Reached XP level 8. HP: 45/45 MP: 11/26
  1868 | D        | Got the +2 rapier "Ehippyg" {protect, Contam +Blink rElec
                  | Int+6}
  1921 | D        | Reached skill level 5 in Dodging
  2200 | D        | Noticed Crazy Yiuf
  2201 | D        | Noticed an orange demon
  2202 | D        | Noticed Sonja
  2226 | D        | HP: 1/46 [asphyx]
  2226 | D        | Mangled by Crazy Yiuf

Illustrated notes

Levels and vault maps discovered:
D:        pitsprint [storerooms_1, entrance_room_1, metal_vault_4, armoury_1,
          mini_pit_1, grid_room_1, main_hall_1, silver_pit, the_coven_2,
          the_vestibule_1, steel_vault_3, golden_pit, hallway_of_sentries,
          crystal_vault_2, iron_vault_1, final_vault]

Skill      XL: |  1  2  3  4  5  6  7  8 |
---------------+-------------------------+-----
Spellcasting   | 5 7 9 10 11 12 | 12.6
Earth Magic    | 4 6 7 9 10 11 | 11.0
Transmutations | 3 6 7 8 |  8.6
Conjurations   | 4 5 6 7 |  7.3
Fighting       | 1 2 3 |  3.2
Short Blades   | 1 3 |  3.9
Dodging        | 3 4 5 |  5.0
Stealth        | 3 5 |  5.9

Action                     |  1- 3 |  4- 6 |  7- 9 || total
---------------------------+-------+-------+-------++-------
   Cast: Sandblast         |    14 |     5 |       ||    19
         Stone Arrow       |       |    26 |    22 ||    48
    Use: Potion            |       |       |    16 ||    16
 Armour: Robe              |     2 |     1 |     3 ||     6
  Dodge: Dodged            |     9 |     1 |    44 ||    54
